 Dungeon Crawl Stone Soup version 0.21.1-1-g345015f (webtiles) character file.

27 tdicelander the Firebug (level 2, -2/20 HPs)
             Began as a Demigod Fire Elementalist on June 4, 2018.
             Slain by a quokka skeleton (4 damage)
             ... on level 2 of the Dungeon.
             The game lasted 00:06:20 (946 turns).

tdicelander the Firebug (Demigod Fire Elementalist)  Turns: 946, Time: 00:06:20

Health: -2/20      AC:  2    Str: 11    XL:     2   Next: 72%
Magic:  2/7        EV: 13    Int: 19    God:
Gold:   88         SH:  0    Dex: 16    Spells: 4/5 levels left

rFire    . . .     SeeInvis .   h - +0 club
rCold    . . .     Gourm    +   (no shield)
rNeg     . . .     Faith    .   a - +0 robe
rPois    .         Spirit   .   (no helmet)
rElec    .         Reflect  .   (no cloak)
rCorr    .         Harm     .   (no gloves)
MR       .....                  (no boots)
Stlth    ++........             u - amulet of the gourmand
HPRegen  0.06/turn              (no ring)
MPRegen  0.10/turn              (no ring)

@: very slightly contaminated
A: high mp 1
a: no special abilities


You were on level 2 of the Dungeon.
You were not hungry.

You visited 1 branch of the dungeon, and saw 2 of its levels.

You collected 88 gold pieces.

Inventory:

Hand Weapons
 h - a +0 club (weapon)
 n - a +0 whip
 s - a +0 club
 w - a +0 dagger
Missiles
 d - 61 stones (quivered)
 i - 13 arrows
 m - 10 poisoned needles
 q - 12 sling bullets
 r - 2 javelins
Armour
 a - a +0 robe (worn)
 j - a +0 ring mail
 k - a +0 pair of gloves
 l - a +0 ring mail
 t - a +0 leather armour
Jewellery
 u - an amulet of the gourmand (around neck)
Scrolls
 e - a scroll of enchant weapon {unknown}
 f - 2 scrolls of identify {unknown}
 g - a scroll of teleportation {unknown}
 o - a scroll of magic mapping {unknown}
Potions
 p - a potion of haste {unknown}
 v - a potion of flight {unknown}
Books
 b - a book of Flames

   Spells                             Type                      Level
   a - Flame Tongue                   Conjuration/Fire             1
   b - Throw Flame                    Conjuration/Fire             2
   c - Conjure Flame                  Conjuration/Fire             3
   d - Inner Flame                    Hexes/Fire                   3
   e - Sticky Flame                   Conjuration/Fire             4
   f - Fireball                       Conjuration/Fire             5
Comestibles
 c - a ration


   Skills:
 + Level 2.2 Dodging
 + Level 2.0 Stealth
 + Level 2.0 Spellcasting
 + Level 1.0 Conjurations
 + Level 3.1 Fire Magic


You had 4 spell levels left.
You knew the following spells:

 Your Spells              Type           Power        Failure   Level  Hunger
a - Flame Tongue          Conj/Fire      #....        7%          1    #......


Dungeon Overview and Level Annotations

Branches:
Dungeon (1/15)


Innate Abilities, Weirdness & Mutations

You have an increased reservoir of magic. (+10% MP)


Message History

Aim: a hound zombie (severely damaged)
The flame tongue hits the hound zombie.
You destroy the hound zombie!
Your Spellcasting skill increases to level 2!
Your Conjurations skill increases to level 1!
Your Fire Magic skill increases to level 3!
The leopard gecko skeleton barely misses you.
The quokka skeleton bites you.
* * * LOW HITPOINT WARNING * * *
You hit the frilled lizard.
You kill the frilled lizard!
The leopard gecko skeleton closely misses you.
The quokka skeleton barely misses you. The leopard gecko skeleton bites you.
* * * LOW HITPOINT WARNING * * *
The leopard gecko skeleton bites you.
* * * LOW HITPOINT WARNING * * *
You see here a frilled lizard corpse.
A leopard gecko skeleton comes into view.
The quokka skeleton bites you.
You die...

########
#####......##
##...8.......##
#..8.8.Z.†....#
#.8...@Z......#
#..?.8........#
#.##..........#
# #..........#
...........##
..#Z........%#
###..........#
#..........#
#......b....#


You could see 2 leopard gecko skeletons and a quokka skeleton.

Vanquished Creatures
  A hound zombie (D:2)
  A dart slug (D:1)
  2 goblins (D:1)
  A hobgoblin (D:1)
  A kobold (D:1)
  4 bats (D:1)
  2 frilled lizards
  A rat (D:1)
13 creatures vanquished.

Notes
Turn   | Place    | Note
-------+----------+-------------------------------------------
     0 | D:1      | tdicelander the Demigod Fire Elementalist began the quest for the Orb.
     0 | D:1      | Reached XP level 1. HP: 14/14 MP: 5/5
   651 | D:1      | Reached XP level 2. HP: 13/20 MP: 2/7
   928 | D:1      | You fall through a shaft!
   940 | D:2      | Reached skill level 1 in Conjurations
   940 | D:2      | Reached skill level 3 in Fire Magic
   942 | D:2      | HP: 1/20 [leopard gecko skeleton (3)]
   946 | D:2      | Slain by a quokka skeleton

Skill      XL: |  1  2 |
---------------+-------+-----
Dodging        | 2 |  2.2
Stealth        | 2 |  2.0
Spellcasting   | 2 |  2.0
Conjurations   | 1 |  1.0
Fire Magic     | 3 |  3.1

Action                   || total
-------------------------++-------
Melee: Club              ||     3
       Unarmed           ||     2
 Cast: Flame Tongue      ||    23
Armor: Robe              ||     9
Dodge: Dodged            ||    18
